 Dungeon Crawl Stone Soup version 0.29.1-15-g9cfb28693d (webtiles) character file.

Game seed: 13496040191784155234

60 croobank the Sneak (level 4, -2/31 HPs)
             Began as an Octopode Delver on Feb 27, 2023.
             Slain by a killer bee (7 damage)
             ... on level 4 of the Dungeon.
             The game lasted 00:02:11 (386 turns).

croobank the Sneak (Octopode Delver)                 Turns: 386, Time: 00:02:12

Health: -2/31      AC:  1    Str: 11    XL:     4   Next: 6%
Magic:  4/4        EV: 13    Int: 14    God:
Gold:   8          SH:  0    Dex: 13    Spells: 3/3 levels left

rFire   . . .      SeeInvis .   g - +0 short sword
rCold   . . .      Faith    .   (no shield)
rNeg    . . .      Spirit   .   (helmet restricted)
rPois   .          Reflect  .   (no amulet)
rElec   .          Harm     .   (no ring)
rCorr   .          Rampage  .   (no ring)
Will    .....                   (no ring)
Stlth   ++++......              (no ring)
HPRegen 0.10/turn               (no ring)
MPRegen 0.09/turn               (no ring)
                                (no ring)
                                (no ring)

@: lethally poisoned (-2 -> -10), hasted, very quick
A: almost no armour, amphibious, 8 rings, camouflage 1, gelatinous body 1,
(nimble swimmer 1), tentacles
a: no special abilities


You were on level 4 of the Dungeon.
You visited 1 branch of the dungeon, and saw 3 of its levels.

You collected 8 gold pieces.

Inventory:

Hand Weapons
 a - a +0 hand axe
 g - a +0 short sword (weapon)
Wands
 f - a wand of digging (3)
Scrolls
 b - a scroll of fog
 c - a scroll of magic mapping
 h - a scroll of torment


   Skills:
 + Level 3.4 Fighting
 + Level 2.5 Axes
 + Level 2.5 Dodging
 + Level 7.0 Stealth
 + Level 0.4 Spellcasting
 + Level 0.4 Hexes
 + Level 0.4 Summonings


You had 3 spell levels left.
You didn't know any spells.
Your spell library contained the following spells:

 Spells                   Type           Power      Damage    Failure   Level
 Summon Ice Beast         Ice/Summ       0%         N/A       95%         4
 Summon Mana Viper        Hex/Summ       1%         N/A       100%        5
 Monstrous Menagerie      Summ           0%         N/A       100%        7


Dungeon Overview and Level Annotations

Branches:
Dungeon (6/15)
 Temple: D:4-7

Altars:
Ru


Innate Abilities, Weirdness & Mutations

You cannot wear most types of armour.
You are amphibious.
You can wear up to eight rings at the same time.
Your skin changes colour to match your surroundings (Stealth+).
Your rubbery body absorbs attacks. (AC +1, EV +1)
((You are camouflaged when in or above water. (Stealth+)))
You have tentacles for arms and can constrict up to eight enemies at once.


Message History

HP restored.
There is an escape hatch in the ceiling here.
A mysterious force pulls you upwards. The hatch slams shut behind you.
Found a scroll labelled GEEZE RUOPTE and 4 stones.
Found a sacrificial altar of Ru.
d - a scroll labelled GEEZE RUOPTE A ball python comes into view.
The helpless ball python fails to defend itself.
You puncture the ball python!
You kill the ball python!
A killer bee comes into view.
The killer bee buzzes angrily.
A killer bee comes into view.
The killer bee moves out of view.
A killer bee comes into view.
You see here a ball python corpse.
The killer bee moves out of view.
You feel yourself speed up. The killer bee stings you.
You are poisoned.
The killer bee poisons you! The killer bee closely misses you.
You hit the killer bee but do no damage.
Your grab misses the killer bee.
You feel sick. The killer bee stings you!
You are more poisoned.
The killer bee poisons you!
You aren't carrying any potions.
Okay, then.
As you read the scroll labelled GEEZE RUOPTE, it crumbles to dust.
It is a scroll of identify.
h - a scroll of torment You feel sick.
The killer bee stings you.
As you read the scroll labelled GAULIC PANIUT, it crumbles to dust.
It is a scroll of enchant armour.
You aren't carrying any armour which can be enchanted further.
You feel sick. The killer bee stings you!
* * * LOW HITPOINT WARNING * * *
The killer bee misses you.
You barely miss the killer bee. Your grab misses the killer bee.
* * * LOW HITPOINT WARNING * * *
You feel sick. The killer bee stings you!
You die...

#.# #.# ###.# # #
##.#.#.#...#
##.y.†...._..
##.###.#.#...# #.## #.#
##.## ##y###.# ...
.######@##.####.####.#
.........#...........#
........#######.######.
####...................
################...( #.


You could see a killer bee.

Vanquished Creatures
  An orc priest (D:6)
  A hound (D:6)
  A ball python (D:4)
3 creatures vanquished.

Notes
Turn   | Place    | Note
-------+----------+-------------------------------------------
     0 | D:5      | croobank the Octopode Delver began the quest for the Orb.
     0 | D:5      | Reached XP level 1. HP: 16/16 MP: 1/1
    18 | D:5      | Noticed an iguana
    34 | D:6      | Noticed a hound
    37 | D:6      | Killed a hound
    38 | D:6      | Reached XP level 2. HP: 18/21 MP: 2/2
    38 | D:6      | Reached XP level 3. HP: 22/26 MP: 3/3
   107 | D:6      | Reached skill level 7 in Stealth
   107 | D:6      | Reached XP level 4. HP: 19/31 MP: 4/4
   353 | D:4      | Found a sacrificial altar of Ru.
   386 | D:4      | Slain by a killer bee

Illustrated notes

Levels and vault maps discovered:
D:4:      layout_loops_ring, nicolae_ru_sacrificial_ziggurat,
          okawaru_gym_becter, minmay_temple_entry_purple_smoke
D:5:      layout_cave_pools, serial_shops, shop, grunt_ministairs_10,
          chequers_serial_rivers_room_b
D:6:      layout_basic, lemuel_doored_altar, nicolae_hepliaklqana_hippocampus,
          gup_ossuary_entry_pyramid, uniq_prince_ribbit1

Skill      XL: |  1  2  3 |
---------------+----------+-----
Stealth        | 7 |  7.0
Fighting       | |  3.4
Axes           | |  2.5
Dodging        | |  2.5
Spellcasting   | |  0.4
Hexes          | |  0.4
Summonings     | |  0.4

Action                   |  1- 3 |  4- 6 || total
-------------------------+-------+-------++-------
Melee: Short sword       |     5 |     3 ||     8
       Constrict         |     2 |       ||     2
  Use: Scroll            |       |     3 ||     3
       Potion            |       |     1 ||     1
 Stab: Sleeping          |     2 |     1 ||     3
Dodge: Dodged            |     1 |     2 ||     3
